Map: Lightshade LE

Players

PasT - Winner!

  • Race: Zerg Zerg
  • League: Master
  • Spawn Location: 11:00

DepthDefying

  • Race: Zerg Zerg
  • League: Master
  • Spawn Location: 5:00

VOD

Have the link to the VOD?

Description

Time

  • Played on: Sept. 30, 2020, 4:16 p.m.
  • Length: 3:36
Show
View Real Time Build Order
Export as new Build Order

PasT Zerg - Winner!

Build Orders: Hatch First 

Get SALT Encoding   

  12  0:00  Drone  
  13  0:09  Drone  
  13  0:12  Extractor  
  13  0:16  Drone  
  15  0:37  Hatchery  
  15  0:42  Extractor, Drone  
  14  0:58  Spawning Pool  
  14  1:03  Drone  
  14  1:11  Overlord  
  14  1:29  Drone x3  
  17  1:45  Metabolic Boost  
  17  1:49  Queen  
  17  1:51  Zergling x2  
  20  1:55  Zergling x2  
  20  1:57  Zergling x2  
  20  2:01  Zergling x2  
  23  2:05  Zergling x2  
  24  2:13  Zergling x4  
  26  2:23  Overlord  
  26  2:26  Zergling x2  
  27  2:31  Baneling Nest  
  27  2:32  Zergling x2  
  27  2:39  Zergling x2  
  28  2:47  Zergling x4  
  29  2:57  Zergling x4  
  29  2:58  Zergling x4  
  33  3:04  Zergling x2  
  34  3:06  Zergling x2  
  34  3:07  Zergling x2  
Show
View Real Time Build Order
Export as new Build Order

DepthDefying Zerg 

Build Orders: Hatch First 

Get SALT Encoding   

  12  0:00  Drone  
  13  0:13  Overlord  
  13  0:17  Drone  
  15  0:35  Drone x2  
  15  0:36  Drone  
  17  0:52  Hatchery  
  17  0:55  Drone  
  17  1:05  Drone  
  17  1:09  Extractor  
  17  1:16  Spawning Pool  
  16  1:21  Drone  
  16  1:22  Drone  
  18  1:29  Drone  
  19  1:49  Overlord  
  19  2:06  Queen  
  19  2:07  Baneling Nest, Zergling x2  
  19  2:08  Zergling x2  
  22  2:10  Queen  
  22  2:12  Drone  
  25  2:16  Drone x2  
  27  2:25  Drone  
  28  2:40  Evolution Chamber, Drone x3  
  30  2:51  Drone  
  30  2:52  Drone  
  32  3:00  Hatchery, Drone  
  32  3:14  Roach Warren  
  31  3:22  Drone  
Tags
 
Add a new tag
Caveats
  • Supply blocks, unpowered buildings, or Contaminate may cause inaccurate times.
  • Supply counts are checked every 10 seconds.